 Dungeon Crawl Stone Soup version 0.19-a0-978-g9f5ef2c (webtiles) character file.

118 FitzyFitz the Bolt Thrower (level 5, 0/29 HPs)
             Began as a Kobold Arcane Marksman on July 14, 2016.
             Slain by a giant frog skeleton (6 damage)
             ... on level 3 of the Dungeon.
             The game lasted 00:06:30 (2866 turns).

FitzyFitz the Bolt Thrower (Kobold Arcane Marksman) Turns: 2866, Time: 00:06:30

Health: 0/29       AC:  4    Str: 10    XL:     5   Next: 23%
Magic:  5/6        EV: 15    Int: 12    God:
Gold:   131        SH:  0    Dex: 15    Spells: 2 memorised, 3 levels left

rFire  . . .     SeeInvis .     b - +0 hand crossbow
rCold  . . .     Gourm    .     e - +0 robe
rNeg   . . .     Faith    .     (shield restricted)
rPois  .         Spirit   .     o - +1 helmet
rElec  .         Dismiss  .     (no cloak)
rCorr  .         Reflect  .     (no gloves)
SustAt .         Harm     .     (no boots)
MR     .....                    (no amulet)
Stlth  +.........               (no ring)
                                (no ring)

@: not resistant to hostile enchantments, very unstealthy
A: carnivore 3
a: no special abilities


You were on level 3 of the Dungeon.
You were very full.

You visited 1 branch of the dungeon, and saw 3 of its levels.

You collected 131 gold pieces.

Inventory:

Hand Weapons
 a - a +0 whip
 b - a +0 hand crossbow (weapon)
 m - a +0 dagger
 r - a +0 hunting sling
 w - a +0 dagger
Missiles
 d - 24 bolts (quivered)
 q - 13 stones
 A - 8 poisoned needles
Armour
 e - a +0 robe (worn)
 o - a +1 helmet (worn)
Scrolls
 h - a scroll of immolation {unknown}
 j - a scroll of enchant weapon {unknown}
 k - a scroll of remove curse
 p - a scroll of magic mapping
 v - a scroll of fear {unknown}
 y - a scroll of blinking {unknown}
Potions
 g - a potion of ambrosia {unknown}
 i - 2 potions of brilliance {unknown}
 l - a potion of berserk rage
 n - 2 potions of lignification
 s - a potion of magic {unknown}
 u - 2 potions of curing {unknown}
 x - a potion of haste
Books
 c - a book of Debilitation

   Spells                             Type                      Level
   a - Corona                         Hexes                        1
   b - Slow                           Hexes                        2
   c - Gell's Gravitas                Hexes/Translocation          3
   d - Inner Flame                    Hexes/Fire                   3
   e - Cause Fear                     Hexes                        4
   f - Leda's Liquefaction            Hexes/Earth                  4
Comestibles
 f - 3 meat rations
 t - a beef jerky
 z - a slice of pizza


   Skills:
 - Level 1.1 Fighting
 + Level 1.8 Short Blades
 + Level 4.3 Crossbows
 - Level 2.4 Dodging
 - Level 1.0 Spellcasting
 + Level 4.2 Hexes


You had 3 spell levels left.
You knew the following spells:

 Your Spells              Type           Power        Failure   Level  Hunger
a - Corona                Hex            ##.....      6%          1    ##.....
b - Slow                  Hex            ##......     10%         2    ###....


Dungeon Overview and Level Annotations

Branches:
Dungeon (3/15)

Altars:
Fedhas
Hepliaklqana
Pakellas
Trog
Xom
Zin


Innate Abilities, Weirdness & Mutations

You are small and have problems with some larger weapons.
You are carnivorous and can eat meat at any time.


Message History

An orc comes into view. It is wielding a club.
There is an open door here.
There is an open door here.
Casting: Corona
Confirm with . or Enter, or press ? or * to list all spells.
Aiming: Corona
Press: ? - help, Shift-Dir - straight line, f - giant frog skeleton
Aim: a giant frog skeleton (chance to defeat MR: 79%)
The giant frog skeleton is outlined in light.
The giant frog skeleton hits you.
You hit the giant frog skeleton. The giant frog skeleton misses you.
The giant frog skeleton closely misses you.
You hit the giant frog skeleton. The giant frog skeleton hits you.
You hit the giant frog skeleton. The giant frog skeleton hits you.
You hit the giant frog skeleton. The giant frog skeleton hits you. x2
You hit the giant frog skeleton. The giant frog skeleton hits you.
* * * LOW HITPOINT WARNING * * *
b - a +0 hand crossbow (weapon)
The giant frog skeleton hits you.
You die...

*,**,***,* ##.## #.# #.**.* *,*
#.# #.# #.#*.##*,* #.# #####.#
*...,..,,* ##'## ##.....#
**.Z.o.*** ##...## ##...##.#
*,#.#.* ##.....###.......##
*,#...* ##.......##........#
**##.#...####.........#..###...#
,,..........'..Z@........###...##
**##.#...####.....%........#.....
*,##..* ##..........._.....#.
*,....* ##......###...#.....
****####.* ##...#.####.###....
,,,,,,,..* ##'##...##.####.#.
,,,*,,,#.* #.##.......##.[#.
,,,,,,,..* ######.###..........#.
,,,*,,,*** #.......########.##.#.


You could see a giant frog skeleton.

Vanquished Creatures
  An orc priest (D:3)
  An iguana (D:3)
  An adder (D:2)
  A worm (D:2)
  2 dart slugs (D:1)
  9 bats
  2 giant cockroaches
  2 goblins (D:1)
  11 hobgoblins
  6 kobolds
  A quokka (D:2)
  3 giant newts
  5 rats
45 creatures vanquished.

Vanquished Creatures (others)
  A human (D:2)
1 creature vanquished.

Grand Total: 46 creatures vanquished

Notes
Turn   | Place    | Note
-------+----------+-------------------------------------------
     0 | D:1      | FitzyFitz the Kobold Arcane Marksman began the quest for the Orb.
     0 | D:1      | Reached XP level 1. HP: 12/12 MP: 2/2
   222 | D:1      | Reached XP level 2. HP: 16/16 MP: 3/3
   911 | D:1      | Reached XP level 3. HP: 15/20 MP: 2/4
   915 | D:1      | Learned a level 2 spell: Slow
  1442 | D:2      | Found a glowing silver altar of Zin.
  1832 | D:2      | Found a blossoming altar of Fedhas.
  1872 | D:2      | Reached XP level 4. HP: 25/25 MP: 3/5
  1977 | D:2      | Found a hazy altar of Hepliaklqana.
  1979 | D:2      | Found a shimmering altar of Xom.
  1979 | D:2      | Noticed a boggart
  1980 | D:2      | Noticed a boggart
  1980 | D:2      | Noticed a spectral ugly thing
  2055 | D:2      | Found an oddly glowing altar of Pakellas.
  2250 | D:2      | Found an oddly glowing altar of Pakellas.
  2250 | D:2      | Noticed a human
  2254 | D:2      | Killed a human
  2255 | D:2      | Noticed a primal weirdfire beast
  2298 | D:3      | Reached skill level 1 in Short Blades
  2503 | D:3      | Found a bloodstained altar of Trog.
  2575 | D:3      | Reached XP level 5. HP: 6/29 MP: 4/6
  2866 | D:3      | Slain by a giant frog skeleton

Vault maps used:
D:1:      mushboom_english_gardens, minmay_three_crescents
D:2:      regret_index_temple_of_mockery, lemuel_round_altar,
          lemuel_doored_altar, nicolae_overflow_hidden_temple,
          gammafunk_pakellas_its_alive
D:3:      nicolae_qazlal_general_emergency, nemelex_xobeh_ov_fountains_minmay,
          lemuel_coloured_pillars_altar, ecumenical_altar_1,
          trog_three_pillars_becter

Skill      XL: |  1  2  3  4 |
---------------+-------------+-----
Crossbows      | 3 4 |  4.3
Hexes          | 4 |  4.2
Short Blades   | 1 |  1.8
Fighting       | |  1.1
Dodging        | |  2.4
Spellcasting   | |  1.0

Action                   |  1- 3 |  4- 6 || total
-------------------------+-------+-------++-------
Melee: Unarmed           |     6 |       ||     6
       Whip              |    72 |    47 ||   119
 Fire: Hand crossbow     |    41 |     5 ||    46
       Hunting sling     |     5 |       ||     5
 Cast: Corona            |    16 |     8 ||    24
  Use: Scroll            |       |     5 ||     5
  Eat: Chunk             |     6 |     8 ||    14
Armor: Robe              |    17 |    16 ||    33
Dodge: Dodged            |    81 |    49 ||   130
